 Dungeon Crawl Stone Soup version 0.31-a0-354-g827e0957a7 (webtiles) character file.

Game seed: 17300393498504410790

54 tsouns the Magician (level 3, -1/26 HPs)
             Began as a Gnoll Hedge Wizard on July 24, 2023.
             Was an Initiate of Gozag.
             Killed from afar by Sigmund (7 damage)
             ... with a magic dart
             ... on level 3 of the Dungeon.
             The game lasted 00:03:49 (2612 turns).

tsouns the Magician (Gnoll Hedge Wizard)            Turns: 2612, Time: 00:03:50

Health: -1/26      AC:  3    Str:  9    XL:     3   Next: 91%
Magic:  9/11       EV: 13    Int: 15    God:    Gozag
Gold:   189        SH:  0    Dex: 11    Spells: 8/16 levels left

rFire   . . .        a - +0 dagger
rCold   . . .        (no shield)
rNeg    . . .        b - +0 robe
rPois   .            k - +0 helmet
rElec   .            (no cloak)
rCorr   +            (no gloves)
SInv    .            (no boots)
Will    .....        (no amulet)
Stlth   +            j - ring of resist corrosion
HPRegen 0.24/turn    (no ring)
MPRegen 0.12/turn

%: no passive effects
@: confused, mighty, brilliant
A: fangs 1, strong nose, distributed training
a: Renounce Religion, Potion Petition, Call Merchant, Bribe Branch


You were on level 3 of the Dungeon.
You worshipped Gozag.
Gozag was aware of your devotion.
You visited 1 branch of the dungeon, and saw 3 of its levels.

You collected 189 gold pieces.

Inventory:

Hand Weapons
 a - a +0 dagger (weapon)
Armour
 b - a +0 robe (worn)
 c - a +0 hat
 k - a +0 helmet (worn)
Jewellery
 j - a ring of resist corrosion (left hand)
Scrolls
 f - a scroll of revelation {unknown}
 g - 5 scrolls of identify {unknown}
 h - a scroll of fear {unknown}
 l - a scroll of teleportation {unknown}
 n - a scroll of poison {unknown}
 p - a scroll of immolation {unknown}
Potions
 d - a potion of magic
 m - a potion of resistance {unknown}
 o - a potion of ambrosia {unknown}


   Skills:
 + Level 1.0 Fighting
 + Level 1.0 Short Blades
 + Level 1.0 Long Blades
 + Level 1.0 Axes
 + Level 1.0 Maces & Flails
 + Level 1.0 Polearms
 + Level 1.0 Staves
 + Level 1.0 Ranged Weapons
 + Level 1.0 Throwing
 + Level 1.0 Armour
 + Level 4.6 Dodging
 + Level 4.2 Stealth
 + Level 1.0 Shields
 + Level 1.0 Unarmed Combat
 + Level 7.2 Spellcasting
 + Level 2.2 Conjurations
 + Level 0.7 Hexes
 + Level 2.2 Summonings
 + Level 0.7 Necromancy
 + Level 2.2 Translocations
 + Level 0.7 Transmutations
 + Level 0.7 Fire Magic
 + Level 0.7 Ice Magic
 + Level 0.7 Air Magic
 + Level 0.7 Earth Magic
 + Level 0.7 Poison Magic
 + Level 1.1 Invocations
 + Level 1.0 Evocations
 + Level 0.7 Shapeshifting


You had 8 spell levels left.
You knew the following spells:

 Your Spells              Type           Power      Damage    Failure   Level
a - Magic Dart            Conj           72%        1d6       5%          1
b - Slow                  Hex            44%        N/A       10%         1
c - Blink                 Tloc           36%        N/A       8%          2
d - Call Imp              Summ           36%        N/A       8%          2
e - Cigotuvi's Dreadful   Necr/Pois/Air  22%        N/A       14%         2

Your spell library contained the following spells:

 Spells                   Type           Power      Damage    Failure   Level
 Mephitic Cloud           Conj/Pois/Air  13%        N/A       24%         3


Dungeon Overview and Level Annotations

Branches:
Dungeon (3/15)

Altars:
Gozag

Annotations:
D:3 Sigmund


Innate Abilities, Weirdness & Mutations

You have very sharp teeth.
Your uncanny sense of smell can sniff out nearby items.
Your experience applies equally to all skills.


Message History

Press: ? - help, Shift-Dir - straight line, f - you The magic dart hits something.
You are confused.
You're too confused to cast spells.
Okay, then.
Are you sure you want to stumble around while confused and next to your cerulean imp?
Okay, then.
Something hits you!
It was a potion of brilliance.
You feel clever all of a sudden.
It was a potion of might.
You feel very mighty all of a sudden.
You feel less confused. Something barely misses you.
Casting: Magic Dart (safe; 5% risk of failure)
Confirm with . or Enter, or press ? or * to list all spells.
You feel a surge of power!
A tiny devil pulls itself out of the air.
Your cerulean imp disappears in a puff of smoke!
Something hits you.
Unknown command.
You are confused.
Are you sure you want to stumble around while confused and next to your cerulean imp?
You puncture your cerulean imp!
Your cerulean imp is severely wounded.
Your cerulean imp disappears in a puff of smoke!
Something barely misses you.
A magic dart appears from out of thin air!
The magic dart hits you.
You hear some strange, mumbled words.
A puff of flame appears from out of thin air!
The puff of flame hits you.
* * * LOW HITPOINT WARNING * * *
You're too confused to move!
You hear some strange, mumbled words.
You are more confused.
You bump into the rock wall.
A magic dart appears from out of thin air!
The magic dart hits you!
You die...
Your body crumbles into a pile of gold.

## .# .. .# ## .#
. ##### ####.#.#
#....##.@..#.#
#............##
###.......{.....#
............◎.###
.......$......+
....###.......#
... #........+
.... . #........#
..... #........#


There were no monsters in sight!

Vanquished Creatures
  A dart slug (D:1)
  4 endoplasms
  5 goblins
  8 hobgoblins
  3 quokkas
  5 ball pythons
  6 bats
  6 frilled lizards
  7 kobolds
  5 rats
50 creatures vanquished.

Notes
Turn   | Place    | Note
-------+----------+-------------------------------------------
     0 | D:1      | tsouns the Gnoll Hedge Wizard began the quest for the Orb.
     0 | D:1      | Reached XP level 1. HP: 13/13 MP: 8/8
     2 | D:1      | Learned a level 1 spell: Slow
   201 | D:1      | Reached XP level 2. HP: 17/19 MP: 0/10
   313 | D:1      | Learned a level 2 spell: Blink
   316 | D:1      | Learned a level 2 spell: Call Imp
   319 | D:1      | Learned a level 2 spell: Cigotuvi's Dreadful Rot
  1040 | D:1      | Reached XP level 3. HP: 25/25 MP: 6/11
  1564 | D:2      | Found a faded altar of an unknown god.
  1571 | D:2      | Prayed at the altar of an unknown god.
  1571 | D:2      | Became a worshipper of Gozag Ym Sagoz the Greedy
  1573 | D:2      | Reached skill level 1 in Invocations
  2070 | D:2      | Reached skill level 1 in Fighting
  2070 | D:2      | Reached skill level 1 in Short Blades
  2070 | D:2      | Reached skill level 1 in Long Blades
  2070 | D:2      | Reached skill level 1 in Axes
  2070 | D:2      | Reached skill level 1 in Maces & Flails
  2070 | D:2      | Reached skill level 1 in Polearms
  2070 | D:2      | Reached skill level 1 in Staves
  2070 | D:2      | Reached skill level 1 in Ranged Weapons
  2070 | D:2      | Reached skill level 1 in Throwing
  2070 | D:2      | Reached skill level 1 in Armour
  2070 | D:2      | Reached skill level 1 in Shields
  2070 | D:2      | Reached skill level 1 in Unarmed Combat
  2070 | D:2      | Reached skill level 1 in Evocations
  2588 | D:3      | Noticed Sigmund
  2612 | D:3      | Killed from afar by Sigmund

Illustrated notes

Levels and vault maps discovered:
D:1:      reono_arrival_mine, layout_basic, minmay_strange_pillars
D:2:      layout_basic, serial_forest, infiniplex_forest_zigzag_1,
          infiniplex_forest_corner_1, infiniplex_forest_end_3,
          infiniplex_forest_lined_corner,
          shapermc_ecumenical_altar_starsandcircs
D:3:      layout_basic, nicolae_qazlal_general_emergency, uniq_grinder,
          uniq_sigmund

Skill      XL: |  1  2  3 |
---------------+----------+-----
Conjurations   | 2 |  2.2
Summonings     | 2 |  2.2
Translocations | 2 |  2.2
Invocations    | 1 |  1.1
Fighting       | 1 |  1.0
Short Blades   | 1 |  1.0
Long Blades    | 1 |  1.0
Axes           | 1 |  1.0
Maces & Flails | 1 |  1.0
Polearms       | 1 |  1.0
Staves         | 1 |  1.0
Ranged Weapons | 1 |  1.0
Throwing       | 1 |  1.0
Armour         | 1 |  1.0
Shields        | 1 |  1.0
Unarmed Combat | 1 |  1.0
Evocations     | 1 |  1.0
Dodging        | |  4.6
Stealth        | |  4.2
Spellcasting   | |  7.2
Hexes          | |  0.7
Necromancy     | |  0.7
Transmutations | |  0.7
Fire Magic     | |  0.7
Ice Magic      | |  0.7
Air Magic      | |  0.7
Earth Magic    | |  0.7
Poison Magic   | |  0.7
Shapeshifting  | |  0.7

Action                     || total
---------------------------++-------
  Melee: Dagger            ||     3
   Cast: Magic Dart        ||   122
         Call Imp          ||     2
    Use: Potion            ||     2
 Armour: Robe              ||     3
  Dodge: Dodged            ||    21

Table legend: (Time is in decaauts)
 A = Elapsed time spent in this place.
 B = Non-inter-level travel time spent in this place.
 C = Inter-level travel time spent in this place.
 D = Time resting spent in this place.
 E = Time spent auto-exploring this place.
 F = Levels seen in this place.
 G = Mean time per level.
                   A        B        C        D        E       F      G
               +--------+--------+--------+--------+--------+-----+--------+
         Total |   2613 |   2537 |     76 |      0 |   2255 |   3 |  871.0 |
       Dungeon |   2613 |   2537 |     76 |      0 |   2255 |   3 |  871.0 |
               +--------+--------+--------+--------+--------+-----+--------+

Top non-repeatable levels by time:
     D:1: 1429 daAuts
     D:2: 970 daAuts
     D:3: 213 daAuts
